 Dungeon Crawl Stone Soup version 0.18.1-50-g88ac8fd (webtiles) character file.

46 Larett the Sneak (level 3, 0/18 HPs)
             Began as a Spriggan Assassin on Sept 21, 2016.
             Succumbed to an adder's poison
             ... on level 1 of the Dungeon.
             The game lasted 00:02:13 (900 turns).

Larett the Sneak (Spriggan Assassin)                 Turns: 900, Time: 00:02:14

Health: 0/18       AC:  3    Str:  7    XL:     3   Next: 44%
Magic:  4/4        EV: 17    Int: 12    God:
Gold:   57         SH:  0    Dex: 18    Spells: 0 memorised, 2 levels left

rFire  . . .     SeeInvis +     a - +2 dagger
rCold  . . .     Gourm    .     c - +0 robe
rNeg   . . .     Faith    .     (shield restricted)
rPois  .         Spirit   .     (helmet restricted)
rElec  .         Dismiss  .     d - +0 cloak
rCorr  .         Reflect  .     (gloves unavailable)
SustAt .         Harm     .     (boots unavailable)
MR     .....                    (no amulet)
Stlth  ++++......               (no ring)
                                (no ring)

@: lethally poisoned (0 -> -19), very quick, not resistant to hostile
enchantments, stealthy
A: unfitting armour, hooves 1, see invisible, herbivore 3, speed 3, slow
metabolism 2
a: no special abilities


You were on level 1 of the Dungeon.
You were not hungry.

You visited 1 branch of the dungeon, and saw 2 of its levels.

You collected 57 gold pieces.

Inventory:

Hand Weapons
 a - a +2 dagger (weapon)
 b - a +0 blowgun
Missiles
 e - 8 poisoned needles
 f - 2 curare-tipped needles
 k - 28 sling bullets
 l - 22 stones (quivered)
Armour
 c - a +0 robe (worn)
 d - a +0 cloak (worn)
Scrolls
 h - a scroll of remove curse {unknown}
 i - 2 scrolls of identify {unknown}
 m - a scroll of noise {unknown}
Comestibles
 g - 2 bread rations


   Skills:
 - Level 1.5 Fighting
 - Level 2.1 Short Blades
 - Level 2.0 Throwing
 - Level 1.5 Dodging
 + Level 7.9 Stealth


You had 2 spell levels left.
You didn't know any spells.

Dungeon Overview and Level Annotations

Branches:
Dungeon (2/15)

Altars:


Innate Abilities, Weirdness & Mutations

You are tiny and cannot use many weapons and most armour.
You have supernaturally acute eyesight.
You are a herbivore.
You cover ground extremely quickly.
You need consume almost no food.
You have large cloven feet.


Message History

The adder bites you.
* * * LOW HITPOINT WARNING * * *
You are lethally poisoned!
The adder poisons you!
You climb upwards.
* * * LOW HITPOINT WARNING * * *
You feel sick.
There is a stone staircase leading down here.
Unknown command.
Drink which item? (? for menu, Esc to quit)
It was a potion of beneficial mutation.
Your feet thicken and deform.
You feel fantastic!
* * * LOW HITPOINT WARNING * * *
You feel sick. The adder bites you.
* * * LOW HITPOINT WARNING * * *
You are more poisoned.
The adder poisons you! The goblin hits you but does no damage.
You hit the goblin but do no damage.
You die...

#.#.#.##.####.........
#.#.#.##.# #..##.#...
#.#.#.##.####..##.#.##
#.#....#..........#.#
#.#............####.#
#.##...######.......##
#.###.## #######.#.
#.# #S# #.#. #.#
#i#############.#. #.#
#.g.............#. #.#
###############.#. #.#
#)#. #.# #... #.# #..#
#.# #..# #.# #... #.#
##.#


You could see an adder and a goblin.

Vanquished Creatures
  An ooze (D:1)
  A dart slug (D:1)
  A giant gecko (D:2)
  7 giant cockroaches (D:1)
  2 goblins
  4 hobgoblins (D:1)
  5 jackals (D:1)
  A ball python (D:1)
  A bat (D:1)
  4 giant newts (D:1)
  7 kobolds (D:1)
  2 rats
36 creatures vanquished.

Notes
Turn   | Place    | Note
--------------------------------------------------------------
     0 | D:1      | Larett the Spriggan Assassin began the quest for the Orb.
     0 | D:1      | Reached XP level 1. HP: 10/10 MP: 2/2
    44 | D:1      | Reached skill level 6 in Stealth
   263 | D:1      | Reached XP level 2. HP: 14/14 MP: 3/3
   341 | D:1      | Reached skill level 7 in Stealth
   560 | D:1      | Reached XP level 3. HP: 18/18 MP: 4/4
   899 | D:1      | Gained mutation: You have large cloven feet. [potion of beneficial mutation]
   899 | D:1      | HP: 1/18 [adder (4)]
   900 | D:1      | Succumbed to an adder's poison

Skill      XL: |  1  2 |
---------------+-------+-----
Stealth        | 6 7 |  7.9
Fighting       | |  1.5
Short Blades   | |  2.1
Throwing       | |  2.0
Dodging        | |  1.5

Action                   || total
-------------------------++-------
Melee: Dagger            ||   114
  Use: Potion            ||     1
 Stab: Sleeping          ||    11
Armor: Robe              ||    14
Dodge: Dodged            ||    75
